 Dungeon Crawl Stone Soup version 0.31-a0-188-g5e087ee2ca (webtiles) character file.

Game seed: 228566280529468851

160 qw the Skirmisher (level 5, -11/29 HPs)
             Began as a Deep Elf Hunter on June 23, 2023.
             Mangled by an ogre
             ... wielding a +0 giant spiked club
              (20 damage)
             ... on level 3 of the Dungeon.
             The game lasted 00:00:43 (1798 turns).

qw the Skirmisher (Deep Elf Hunter)                 Turns: 1798, Time: 00:00:44

Health: -11/29     AC:  6    Str: 10    XL:     5   Next: 17%
Magic:  7/7        EV: 11    Int: 14    God:
Gold:   145        SH:  0    Dex: 18    Spells: 4/4 levels left

rFire   . . .        Y - +6 arbalest (freeze)
rCold   . . .        (shield currently unavailable)
rNeg    . . .        d - +0 ring mail
rPois   .            e - +1 hat
rElec   .            (no cloak)
rCorr   .            (no gloves)
SInv    .            (no boots)
Will    .....        (no amulet)
Stlth   +            (no ring)
HPRegen 0.24/turn    (no ring)
MPRegen 0.10/turn

%: no passive effects
@: no status effects
A: no striking features
a: no special abilities


You were on level 3 of the Dungeon.
You visited 1 branch of the dungeon, and saw 3 of its levels.

You collected 145 gold pieces.


   Skills:
 - Level 1.5 Fighting
 + Level 8.6 Ranged Weapons
 - Level 2.4 Dodging
 - Level 1.2 Stealth


You had 4 spell levels left.
You didn't know any spells.
Your spell library was empty.

Inventory:

Hand Weapons
 Y - a +6 arbalest of freezing (weapon)
Armour
 d - a +0 ring mail (worn)
 e - a +1 hat (worn)
Scrolls
 a - a scroll of teleportation
 g - a scroll of noise {unknown}
Potions
 b - 2 potions of curing
 c - a potion of haste
 f - a potion of invisibility {unknown}
 h - a potion of magic {unknown}
 i - 2 potions of lignification {unknown}
 j - a potion of attraction {unknown}
 m - a potion of ambrosia {unknown}
 n - a potion of resistance {unknown}

Dungeon Overview and Level Annotations

Branches:
Dungeon (3/15)

Altars:


Message History

You shoot a bolt. The bolt completely misses the kobold.
The kobold closely misses you.
You shoot a bolt. The bolt hits the kobold!
The bolt freezes the kobold.
You kill the kobold!
Things that are here:
a +0 short sword; a kobold corpse A ball python comes into view.
The ball python hisses angrily.
Enter note:
Enter note: You shoot a bolt.
The bolt hits the ball python!
The bolt freezes the ball python.
You kill the ball python!
A ball python comes into view.
The ball python hisses angrily.
Enter note:
Enter note: You shoot a bolt.
The bolt hits the ball python.
The bolt freezes the ball python.
You kill the ball python!
You see here a ball python corpse.
An ogre comes into view. It is wielding a +0 giant spiked club.
The ogre shouts!
Enter note:
Enter note: You shoot a bolt.
The bolt hits the ogre!
The bolt freezes the ogre.
The ogre is heavily wounded.
The ogre hits you with a +0 giant spiked club.
You shoot a bolt. The bolt barely misses the ogre.
The ogre closely misses you.
You shoot a bolt. The bolt hits the ogre!
The bolt freezes the ogre.
The ogre is severely wounded.
The ogre completely misses you.
You shoot a bolt. The bolt barely misses the ogre.
The ogre hits you with a +0 giant spiked club!
Ouch! That really hurt!
You shoot a bolt. The bolt barely misses the ogre.
The ogre hits you with a +0 giant spiked club!!
Ouch! That really hurt!
You die...

#.##.###.### .#
#.##.# #.# .# #.##.#
#.# .# #.##.# #.# .#
#.##.###.# .#
#.##.#...# .#
#.#....#########
.###.##.#####.....##
......#.........@..#
.######.#####.###O##
....%....# #.# .#
########.# #.# .#
#.# #.# ## #.# #.#
#.# #.# ... ..# ###


You could see an ogre.

Vanquished Creatures
  Jessica (D:3)
  4 adders (D:2)
  A gnoll (D:2)
  A worm (D:2)
  2 dart slugs
  6 bats
  6 endoplasms
  2 giant cockroaches
  11 goblins
  5 hobgoblins
  11 jackals (D:1)
  7 kobolds
  5 quokkas
  5 ball pythons
  3 frilled lizards
  5 rats
75 creatures vanquished.

Notes
Turn   | Place    | Note
-------+----------+-------------------------------------------
     0 | D:1      | qw the Deep Elf Hunter began the quest for the Orb.
     0 | D:1      | Reached XP level 1. HP: 12/12 MP: 3/3
     0 | D:1      | 0 ||| qw: Version: 0.3-a-9-g12657ce
     0 | D:1      | 0 ||| qw: Game counter: 3670
     0 | D:1      | 0 ||| qw: Always use a shield: true
     0 | D:1      | 0 ||| qw: God list: Okawaru
     0 | D:1      | 0 ||| qw: Allow faded altars: false
     0 | D:1      | 0 ||| qw: Do Orc after D:15 true
     0 | D:1      | 0 ||| qw: Do second Lair branch before Depths: true
     0 | D:1      | 0 ||| qw: Lair rune preference: random
     0 | D:1      | 0 ||| qw: Plans: Normal
     0 | D:1      | 0 ||| PLANNING D:1-11
   141 | D:1      | Reached XP level 2. HP: 16/16 MP: 4/4
   144 | D:1      | Reached skill level 6 in Ranged Weapons
   482 | D:1      | Reached XP level 3. HP: 20/20 MP: 5/5
   700 | D:1      | 700 ||| UPGRADING to +0 ring mail.
   710 | D:1      | 710 ||| DROPPING +0 leather armour.
   711 | D:1      | 711 ||| READING scroll labelled IGOESHROYHU.
   712 | D:1      | 712 ||| READING scroll labelled NAPTEF YRITS.
   712 | D:1      | Identified a scroll of acquirement
   712 | D:1      | 712 ||| ACQUIRING +6 arbalest of freezing
   712 | D:1      | Acquired a +6 arbalest of freezing
   714 | D:1      | 714 ||| SWAPPING to +6 arbalest of freezing.
   715 | D:1      | 715 ||| DROPPING +1 shortbow.
   716 | D:1      | 716 ||| DROPPING scroll of butterflies.
   748 | D:2      | Reached skill level 7 in Ranged Weapons
   752 | D:2      | Found a faded altar of an unknown god.
  1221 | D:2      | Reached XP level 4. HP: 25/25 MP: 6/6
  1330 | D:2      | Reached skill level 8 in Ranged Weapons
  1485 | D:2      | 1485 ||| UPGRADING to +1 hat.
  1490 | D:2      | 1490 ||| READING 2 scrolls labelled CUOPRO APAUR.
  1495 | D:2      | 1495 ||| READING scroll labelled QIORIU XUYWN.
  1496 | D:2      | 1496 ||| READING scroll labelled UKENGE RUTA.
  1497 | D:2      | 1497 ||| READING scroll labelled GOBLORPHEUM.
  1498 | D:2      | 1498 ||| DRINKING 2 puce potions.
  1499 | D:2      | 1499 ||| DRINKING 2 inky potions.
  1605 | D:3      | Noticed Jessica
  1606 | D:3      | Killed Jessica
  1607 | D:3      | Reached XP level 5. HP: 29/29 MP: 7/7
  1793 | D:3      | Noticed an ogre
  1798 | D:3      | Mangled by an ogre

Levels and vault maps discovered:
D:1:      saegor_arrival_simple_d, layout_loops_cross
D:2:      layout_loops_cross, chequers_ecumenical_altar_simple_redux,
          serial_park_tiny_2, minmay_joined_circles
D:3:      layout_basic, uniq_jessica

Skill      XL: |  1  2  3  4 |
---------------+-------------+-----
Ranged Weapons | 6 7 8 |  8.6
Fighting       | |  1.5
Dodging        | |  2.4
Stealth        | |  1.2

Action                     |  1- 3 |  4- 6 || total
---------------------------+-------+-------++-------
   Fire: Shortbow          |    94 |       ||    94
         Arbalest          |    21 |    45 ||    66
    Use: Scroll            |     2 |     4 ||     6
         Potion            |       |     2 ||     2
 Armour: Leather armour    |    18 |       ||    18
         Ring mail         |     4 |    12 ||    16
  Dodge: Dodged            |    33 |    19 ||    52

Table legend:
 A = Non-vault XP
 B = Vault XP
 C = Vault XP percentage of total XP
 D = Non-vault monster count
 E = Vault monster count
 F = Vault count percentage of total count
                 A         B        C        D         E       F
            +---------+---------+-------+---------+---------+-------
      Total |     121 |     108 |  47.2 |      61 |      14 |  18.7
            +---------+---------+-------+---------+---------+-------
        D:1 |      60 |       0 |   0.0 |      32 |       0 |   0.0
        D:2 |      42 |      71 |  62.8 |      19 |      13 |  40.6
        D:3 |      19 |      37 |  66.1 |      10 |       1 |   9.1
            +---------+---------+-------+---------+---------+-------
